NCAA
CALIFORNIA GOLDEN BEARS @ CLEMSON TIGERS
04/22/2030
 
TOP OF THE 1ST
California Golden Bears batting - Pitching for Clemson Tigers : RHP Scott Ramón
Pitching: RHP Scott Ramón
Batting: SHB John Allen 0-0: Called Strike
0-1: Swinging Strike
0-2: Strikes out swinging
Batting: RHB Cisco Villa 0-0: Swinging Strike
0-1: Foul Ball, location: 2F
0-2: Ball
1-2: Ball
2-2: Strikes out swinging
Batting: LHB Kevin Carter 0-0: Ball
1-0: Called Strike
1-1: Foul Ball, location: 2F
1-2: Ground out 6-3 (Groundball, 6)
Top of the 1st over - 0 runs, 0 hits, 0 errors, 0 left on base; California 0 - Clemson 0
BOTTOM OF THE 1ST
Clemson Tigers batting - Pitching for California Golden Bears : RHP Vic Curtis
Pitching: RHP Vic Curtis
Batting: LHB Dan Dukes 0-0: Foul Ball, location: 2F
0-1: Foul Ball, location: 2F
0-2: Ball
1-2: Ball
2-2: Fly out, F8 (Line Drive, 8LD)
Batting: RHB Blair Charnock 0-0: Ball
1-0: Ball
2-0: Fly out, F6 (Popup, 6MD)
Batting: SHB Ken Hall 0-0: Fly out, F7 (Flyball, 78D)
Bottom of the 1st over - 0 runs, 0 hits, 0 errors, 0 left on base; California 0 - Clemson 0
TOP OF THE 2ND
California Golden Bears batting - Pitching for Clemson Tigers : RHP Scott Ramón
Batting: RHB Sergio González 0-0: Foul Ball, location: 2F
0-1: Ground out U3 (Groundball, 34S)
Batting: RHB Greg Brown 0-0: Foul Ball, location: 2F
0-1: Foul Ball, location: 2F
0-2: Ball
1-2: Foul Ball, location: 2F
1-2: Ball
2-2: SINGLE (Line Drive, 8LS)
Batting: LHB Benny Marte 0-0: Grounds into double play, 1-4-3 (Groundball, 15)
Top of the 2nd over - 0 runs, 1 hit, 0 errors, 0 left on base; California 0 - Clemson 0
BOTTOM OF THE 2ND
Clemson Tigers batting - Pitching for California Golden Bears : RHP Vic Curtis
Batting: RHB Garth O'Flahavan 0-0: Swinging Strike
0-1: Called Strike
0-2: Ball
1-2: Ball
2-2: Foul Ball, location: 2F
2-2: Fly out, F7 (Flyball, 7LD)
Batting: SHB Michael Jones 0-0: Called Strike
0-1: Ball
1-1: Foul Ball, location: 2F
1-2: Foul Ball, location: 2F
1-2: SINGLE (Groundball, 4D)
Batting: RHB Tommy Williams 0-0: Ball
1-0: Ball
2-0: Ball
3-0: Called Strike
3-1: SINGLE (Line Drive, 4D)
Michael Jones to second
Runner from 2nd tries for 3rd, SAFE, no throw
Batting: SHB Brent Boswell 0-0: Called Strike
0-1: Called Strike
0-2: Ball
1-2: Ball
2-2: Strikes out swinging
Tommy Williams is caught stealing 2nd base
Batter strikes out.
Bottom of the 2nd over - 0 runs, 2 hits, 0 errors, 1 left on base; California 0 - Clemson 0
TOP OF THE 3RD
California Golden Bears batting - Pitching for Clemson Tigers : RHP Scott Ramón
Batting: RHB Alberto Díaz 0-0: Ground out 5-3 (Groundball, 56)
Batting: LHB Otis Johnston 0-0: Ball
1-0: Ball
2-0: Ball
3-0: Called Strike
3-1: Fly out, F7 (Flyball, 7LMF)
Batting: RHB Clyde MacCodrum 0-0: Swinging Strike
0-1: Ball
1-1: Swinging Strike
1-2: Fly out, F7 (Flyball, 7S)
Top of the 3rd over - 0 runs, 0 hits, 0 errors, 0 left on base; California 0 - Clemson 0
BOTTOM OF THE 3RD
Clemson Tigers batting - Pitching for California Golden Bears : RHP Vic Curtis
Batting: RHB Ricardo Medellín 0-0: Ball
1-0: Swinging Strike
1-1: SOLO HOME RUN (Flyball, 7LD), Distance : 313 ft
Batting: SHB George Wells 0-0: Called Strike
0-1: Called Strike
0-2: Strikes out swinging, 2-3 out at first.
Batting: LHB Dan Dukes 0-0: Ball
1-0: Ball
2-0: Ground out 4-3 (Groundball, 4)
Batting: RHB Blair Charnock 0-0: Called Strike
0-1: Ball
1-1: Ball
2-1: SINGLE (Line Drive, 9S)
Batting: SHB Ken Hall 0-0: Ground out 1-3 (Groundball, P)
Bottom of the 3rd over - 1 run, 2 hits, 0 errors, 1 left on base; California 0 - Clemson 1
TOP OF THE 4TH
California Golden Bears batting - Pitching for Clemson Tigers : RHP Scott Ramón
Batting: SHB John Allen 0-0: Fly out, F8 (Flyball, 8LS)
Batting: RHB Cisco Villa 0-0: Ball
1-0: Ball
2-0: Called Strike
2-1: Ball
3-1: Base on Balls
Batting: LHB Kevin Carter 0-0: Ball
1-0: Called Strike
1-1: Foul Ball, location: 2F
1-2: Strikes out swinging
Batting: RHB Sergio González 0-0: Ground out U3 (Groundball, 34S)
Top of the 4th over - 0 runs, 0 hits, 0 errors, 1 left on base; California 0 - Clemson 1
BOTTOM OF THE 4TH
Clemson Tigers batting - Pitching for California Golden Bears : RHP Vic Curtis
Batting: RHB Garth O'Flahavan 0-0: Swinging Strike
0-1: Ball
1-1: Ball
2-1: Fly out, F8 (Flyball, 8LXD)
Batting: SHB Michael Jones 0-0: Called Strike
0-1: Ball
1-1: SINGLE (Line Drive, 6M)
Batting: RHB Tommy Williams 0-0: Ball
1-0: Ball
2-0: Ball
3-0: Base on Balls
Michael Jones to second
Batting: SHB Brent Boswell 0-0: Ball
1-0: Foul Ball, location: 2F
1-1: Ball
2-1: Ball
3-1: Called Strike
3-2: Reached on error, E6 (Groundball, 6M)
Michael Jones to third
Tommy Williams to second
Batting: RHB Ricardo Medellín 0-0: Foul Ball, location: 2F
0-1: Foul Ball, location: 2F
0-2: SINGLE (Flyball, 9LS)
Michael Jones scores
Tommy Williams to third
Brent Boswell to second
Runner from 3rd tries for Home, SAFE, no throw
Batting: SHB George Wells 0-0: Ball
1-0: Called Strike
1-1: Swinging Strike
1-2: Fly out, F2 (Popup, 25F)
Batting: LHB Dan Dukes 0-0: Ball
1-0: Ball
2-0: Foul Ball, location: 2F
2-1: Ball
3-1: Base on Balls
Brent Boswell to third
Ricardo Medellín to second
Batting: RHB Blair Charnock 0-0: Foul Ball, location: 2F
0-1: Swinging Strike
0-2: Ball
1-2: Ball
2-2: Foul Ball, location: 2F
2-2: Strikes out looking
Bottom of the 4th over - 2 runs, 2 hits, 1 error, 3 left on base; California 0 - Clemson 3
TOP OF THE 5TH
California Golden Bears batting - Pitching for Clemson Tigers : RHP Scott Ramón
Batting: RHB Greg Brown 0-0: SINGLE (Flyball, 7LS)
Batting: LHB Benny Marte 0-0: Ball
1-0: Foul Ball, location: 2F
1-1: Swinging Strike
1-2: Strikes out looking
Batting: RHB Alberto Díaz 0-0: Called Strike
0-1: Ball
1-1: Swinging Strike
1-2: Strikes out looking
Batting: LHB Otis Johnston 0-0: Ball
1-0: Foul Ball, location: 2F
1-1: Foul Ball, location: 2F
1-2: Ball
2-2: Strikes out swinging
Top of the 5th over - 0 runs, 1 hit, 0 errors, 1 left on base; California 0 - Clemson 3
BOTTOM OF THE 5TH
Clemson Tigers batting - Pitching for California Golden Bears : RHP Vic Curtis
Batting: SHB Ken Hall 0-0: Ball
1-0: Foul Ball, location: 2F
1-1: Foul Ball, location: 2F
1-2: Ball
2-2: Strikes out looking
Pitching: LHP Fernando Muñóz
Batting: RHB Garth O'Flahavan 0-0: Swinging Strike
0-1: Ball
1-1: Ball
2-1: Ball
3-1: Called Strike
3-2: Foul Ball, location: 2F
3-2: Base on Balls
Batting: SHB Michael Jones 0-0: Ball
1-0: Foul Ball, location: 2F
1-1: Foul Ball, location: 2F
1-2: Strikes out swinging
Batting: RHB Tommy Williams 0-0: Called Strike
0-1: Called Strike
0-2: Strikes out swinging
Bottom of the 5th over - 0 runs, 0 hits, 0 errors, 1 left on base; California 0 - Clemson 3
TOP OF THE 6TH
California Golden Bears batting - Pitching for Clemson Tigers : RHP Scott Ramón
Batting: RHB Clyde MacCodrum 0-0: Ball
1-0: Foul Ball, location: 2F
1-1: Ball
2-1: Ball
3-1: Swinging Strike
3-2: Strikes out swinging
Batting: SHB John Allen 0-0: Ball
1-0: Foul Ball, location: 2F
1-1: Ball
2-1: Swinging Strike
2-2: Ball
3-2: Foul Ball, location: 2F
3-2: Foul Ball, location: 2F
3-2: Strikes out swinging
Batting: RHB Cisco Villa 0-0: Ball
1-0: Ball
2-0: Ball
3-0: Called Strike
3-1: Foul Ball, location: 2F
3-2: Ground out 6-3 (Groundball, 6)
Top of the 6th over - 0 runs, 0 hits, 0 errors, 0 left on base; California 0 - Clemson 3
BOTTOM OF THE 6TH
Clemson Tigers batting - Pitching for California Golden Bears : LHP Fernando Muñóz
Batting: SHB Brent Boswell 0-0: Called Strike
0-1: Ball
1-1: Ball
2-1: Foul Ball, location: 2F
2-2: Ground out 1-3 (Groundball, 15)
Batting: RHB Ricardo Medellín 0-0: Ball
1-0: Ball
2-0: Called Strike
2-1: Foul Ball, location: 2F
2-2: Strikes out swinging
Batting: SHB George Wells 0-0: Called Strike
0-1: Called Strike
0-2: Strikes out looking
Bottom of the 6th over - 0 runs, 0 hits, 0 errors, 0 left on base; California 0 - Clemson 3
TOP OF THE 7TH
California Golden Bears batting - Pitching for Clemson Tigers : RHP Scott Ramón
Batting: LHB Kevin Carter 0-0: Ball
1-0: Ball
2-0: Ground out 5-3 (Groundball, 56)
Batting: RHB Sergio González 0-0: Ball
1-0: Ball
2-0: Called Strike
2-1: Ball
3-1: Called Strike
3-2: Foul Ball, location: 2F
3-2: Strikes out looking
Batting: RHB Greg Brown 0-0: Called Strike
0-1: Ball
1-1: Foul Ball, location: 2F
1-2: Foul Ball, location: 2F
1-2: Fly out, F7 (Flyball, 78M)
Top of the 7th over - 0 runs, 0 hits, 0 errors, 0 left on base; California 0 - Clemson 3
BOTTOM OF THE 7TH
Clemson Tigers batting - Pitching for California Golden Bears : LHP Fernando Muñóz
Batting: LHB Dan Dukes 0-0: Called Strike
0-1: Foul Ball, location: 2F
0-2: Strikes out swinging
Batting: RHB Blair Charnock 0-0: Swinging Strike
0-1: Ball
1-1: Ball
2-1: SINGLE (Groundball, 4MD)
Batting: SHB Ken Hall 0-0: Ball
1-0: Called Strike
1-1: Called Strike
1-2: Ball
2-2: Foul Ball, location: 2F
2-2: Foul Ball, location: 2F
2-2: Fly out, F8 (Line Drive, 8LM)
Batting: RHB Garth O'Flahavan 0-0: Foul Ball, location: 2F
0-1: Ball
1-1: Called Strike
1-2: Strikes out swinging
Bottom of the 7th over - 0 runs, 1 hit, 0 errors, 1 left on base; California 0 - Clemson 3
TOP OF THE 8TH
California Golden Bears batting - Pitching for Clemson Tigers : RHP Scott Ramón
Pitching: LHP Alan Nelson
Batting: LHB Benny Marte 0-0: Ball
1-0: Ball
2-0: Foul Ball, location: 2F
2-1: Ball
3-1: Base on Balls
Pitching: RHP Nathaniel Combs
Batting: RHB Alberto Díaz 0-0: Foul Ball, location: 2F
0-1: Ball
1-1: Foul Ball, location: 2F
1-2: SINGLE (Line Drive, 34D)
Benny Marte to second
Batting: LHB Otis Johnston 0-0: Ball
1-0: Foul Ball, location: 2F
1-1: Swinging Strike
1-2: Strikes out looking
Batting: RHB Clyde MacCodrum 0-0: Foul Ball, location: 2F
0-1: SINGLE (Groundball, 6MD)
Benny Marte to third
Alberto Díaz to second
Runner from 3rd tries for Home, SAFE, no throw
Batting: SHB John Allen 0-0: Foul Ball, location: 2F
0-1: Ball
1-1: Hit by Pitch
Alberto Díaz to third
Clyde MacCodrum to second
Batting: RHB Cisco Villa 0-0: Swinging Strike
0-1: Swinging Strike
0-2: Foul Ball, location: 2F
0-2: Strikes out looking
Batting: LHB Kevin Carter 0-0: Foul Ball, location: 2F
0-1: Ball
1-1: Ball
2-1: DOUBLE (Flyball, 89D)
Alberto Díaz scores
Clyde MacCodrum scores
John Allen to third
Runner from 3rd tries for Home, SAFE, no throw
Pitching: RHP Ray Holmes
Batting: RHB Sergio González 0-0: Swinging Strike
0-1: Ball
1-1: Swinging Strike
1-2: Strikes out looking
Top of the 8th over - 4 runs, 3 hits, 0 errors, 1 left on base; California 4 - Clemson 3
BOTTOM OF THE 8TH
Clemson Tigers batting - Pitching for California Golden Bears : LHP Fernando Muñóz
Pitching: RHP Rudy Nelson
Now in LF: Ralph Hawkins
Batting: SHB Michael Jones 0-0: Ball
1-0: Ball
2-0: DOUBLE (Line Drive, 7LS)
Batting: RHB Tommy Williams 0-0: Called Strike
0-1: Hit by Pitch
Batting: SHB Brent Boswell 0-0: Bunted foul
0-1: Bunted foul
0-2: Strikes out looking and he ARGUES THE CALL AND IS TOSSED!
Batting: RHB Ricardo Medellín 0-0: Called Strike
0-1: Ball
1-1: Ball
2-1: Called Strike
2-2: Strikes out swinging
Batting: SHB George Wells 0-0: 3-RUN HOME RUN (Flyball, 9D), Distance : 350 ft
Pitching: LHP Eddie Hickey
Batting: LHB Dan Dukes 0-0: Ball
1-0: Called Strike
1-1: Called Strike
1-2: Ball
2-2: Ground out U3 (Groundball, 3)
Bottom of the 8th over - 3 runs, 2 hits, 0 errors, 0 left on base; California 4 - Clemson 6
TOP OF THE 9TH
California Golden Bears batting - Pitching for Clemson Tigers : RHP Ray Holmes
Pitching: LHP Manuel Rodríguez
Now at 3B: Zach O'Kelly
Batting: RHB Greg Brown 0-0: Called Strike
0-1: Ball
1-1: Foul Ball, location: 2F
1-2: DOUBLE (Flyball, 89XD)
Batting: LHB Benny Marte 0-0: Ball
1-0: Called Strike
1-1: Foul Ball, location: 2F
1-2: Strikes out swinging
Batting: RHB Alberto Díaz 0-0: Called Strike
0-1: Swinging Strike
0-2: Ball
1-2: SINGLE (Line Drive, 34D)
Greg Brown to third
Pinch Hitting: RHB Gabriel Lucero 0-0: Called Strike
0-1: Foul Ball, location: 2F
0-2: Ball
1-2: Ball
Wild Pitch!
Greg Brown scores
Alberto Díaz to second
2-2: Ball
3-2: SINGLE (Line Drive, 9S)
Alberto Díaz to third
Pinch Hitting: RHB Lyle Clark 0-0: Called Strike
0-1: Foul Ball, location: 2F
0-2: Strikes out swinging
Batting: SHB John Allen 0-0: Ball
1-0: Called Strike
1-1: Swinging Strike
1-2: Foul Ball, location: 2F
1-2: Ball
2-2: Foul Ball, location: 2F
2-2: Fielders Choice at 2nd, 6-4 (Groundball, 6)
Top of the 9th over - 1 run, 3 hits, 0 errors, 2 left on base; California 5 - Clemson 6
Saturday, April 7th, 2018 - OOTP Baseball 18.8 Build 76